 Dungeon Crawl Stone Soup version 0.22-a0-368-g870eee8 (webtiles) character file.

17522 wongasta the Cruncher (level 12, 0/94 HPs)
             Began as a Gnoll Wanderer on Apr 23, 2018.
             Was an Elder of Sif Muna.
             Slain by an orc warrior
             ... wielding a +0 halberd
              (15 damage)
             ... on level 1 of the Orcish Mines on Apr 24, 2018.
             The game lasted 01:14:08 (22706 turns).

wongasta the Cruncher (Gnoll Wanderer)             Turns: 22706, Time: 01:14:09

Health: 0/94       AC: 16    Str: 14    XL:     12   Next: 48%
Magic:  18/23      EV: 17    Int: 17    God:    Sif Muna [****..]
Gold:   1259       SH:  0    Dex: 18    Spells: 3/26 levels left

rFire    + + .     SeeInvis +   d - +1 glaive (freeze)
rCold    + + .     Gourm    .   (shield currently unavailable)
rNeg     . . .     Faith    .   a - +2 robe {rC+ rF+}
rPois    +         Spirit   .   J - +0 helmet
rElec    .         Reflect  .   K - scarf {rC+ rF+}
rCorr    .         Harm     .   Z - +0 pair of gloves
MR       .....                  y - +1 pair of boots
Stlth    ++++......             L - amulet of magic regeneration
HPRegen  0.25/turn              W - ring of see invisible
MPRegen  0.43/turn              r - ring of poison resistance

@: icy armour, drained
A: distributed training, fangs 1, strong nose
a: Divine Energy, Channel Magic, Forget Spell, Renounce Religion


You were on level 1 of the Orcish Mines.
You worshipped Sif Muna.
Sif Muna was greatly pleased with you.
You were not hungry.

You visited 3 branches of the dungeon, and saw 15 of its levels.

You collected 1259 gold pieces.

Inventory:

Hand Weapons
 c - a +1 scythe of slicing
 d - a +1 glaive of freezing (weapon)
 g - a +0 blowgun
Missiles
 k - 524 stones
 t - 45 poisoned needles
 N - 8 poisoned javelins (quivered)
Armour
 a - a +2 robe of resistance (worn)
 y - a +1 pair of boots (worn)
 C - a +0 shield
 J - a +0 helmet (worn)
 K - a scarf of resistance (worn)
 P - the +3 hat of Pondering {ponderous, MR+ MP+10 Int+5}
   (You took it off Gastronok on level 8 of the Dungeon)

   It affects your intelligence (+5).
   It affects your resistance to hostile enchantments.
   It affects your magic capacity (+10).
 Z - a +0 pair of gloves (worn)
Jewellery
 l - a +4 ring of dexterity
 r - a ring of poison resistance (right hand)
 L - an amulet of magic regeneration (around neck)
 V - an uncursed amulet of guardian spirit
 W - a ring of see invisible (left hand)
Wands
 n - a wand of polymorph (13)
 p - a wand of acid (3)
 w - a wand of iceblast (7)
 B - a wand of digging (17)
 G - a wand of random effects (18)
 H - a wand of flame (30)
 U - a wand of clouds (5)
Scrolls
 b - 4 scrolls of remove curse
 q - 4 scrolls of enchant weapon
 x - 2 scrolls of amnesia
 I - 5 scrolls of teleportation
 Q - a scroll of vulnerability
 R - 3 scrolls of identify
 S - 2 scrolls of fog
 X - a scroll of enchant armour
Potions
 h - 5 potions of magic
 i - 7 potions of curing
 j - a potion of ambrosia
 z - 3 potions of brilliance
 F - 2 potions of cancellation
 M - 2 potions of mutation
 O - a potion of flight
Comestibles
 f - 14 rations


   Skills:
 + Level 8.6(7.8) Fighting
 + Level 7.2(6.4) Short Blades
 + Level 7.2(6.4) Long Blades
 + Level 7.2(6.4) Axes
 + Level 7.2(6.4) Maces & Flails
 + Level 7.2(6.4) Polearms
 + Level 8.6(7.8) Staves
 + Level 7.2(6.4) Slings
 + Level 7.2(6.4) Bows
 + Level 7.2(6.4) Crossbows
 + Level 7.7(6.9) Throwing
 + Level 7.2(6.4) Armour
 + Level 7.2(6.4) Dodging
 + Level 7.6(6.8) Stealth
 + Level 7.2(6.4) Shields
 + Level 7.2(6.4) Unarmed Combat
 + Level 7.8(6.9) Spellcasting
 + Level 6.0(5.2) Conjurations
 + Level 6.4(5.6) Hexes
 + Level 6.0(5.2) Charms
 + Level 6.0(5.2) Summonings
 + Level 6.0(5.2) Necromancy
 + Level 6.4(5.6) Translocations
 + Level 6.0(5.2) Transmutations
 + Level 6.0(5.2) Fire Magic
 + Level 6.0(5.2) Ice Magic
 + Level 6.0(5.2) Air Magic
 + Level 6.0(5.2) Earth Magic
 + Level 6.0(5.2) Poison Magic
 + Level 7.9(7.1) Invocations
 + Level 7.7(6.9) Evocations


You had 3 spell levels left.
You knew the following spells:

 Your Spells              Type           Power        Failure   Level  Hunger
a - Swiftness             Chrm/Air       ###.....     1%          2    None
b - Poisonous Vapours     Pois/Air       ###...       1%          2    None
c - Ozocubu's Armour      Chrm/Ice       ###.....     4%          3    ##.....
d - Freeze                Ice            ###.         1%          1    None
e - Mephitic Cloud        Conj/Pois/Air  ###.....     4%          3    ##.....
f - Summon Ice Beast      Ice/Summ       ###.....     14%         4    ####...
g - Throw Icicle          Conj/Ice       ###.....     14%         4    ####...
h - Olgreb's Toxic Radia  Pois           ###.....     14%         4    ####...


Dungeon Overview and Level Annotations

Branches:
Dungeon (11/15)            Temple (0/1) D:7            Lair (2/6) D:11
 Spider (0/4) Lair:2          Orc (2/2) D:10
  Swamp: Lair:2-4    Shoals: Lair:2-4       Elf: Orc:2

Altars:
Ashenzari
Cheibriados
Elyvilon
Fedhas
Kikubaaqudgha
Nemelex Xobeh
Okawaru
Sif Muna
Uskayaw
Vehumet
Xom
Yredelemnul
Zin
Beogh

Shops:
Orc:2 =[(

Annotations:
D:8 4 runed doors
D:9 exclusion: statue, Maurice
Lair:2 exclusion: oklob plant


Innate Abilities, Weirdness & Mutations

Your experience applies equally to all skills.
You have very sharp teeth.
Your uncanny sense of smell can sniff out nearby items.


Message History

A film of ice covers your body!
The orc warrior hits you with a halberd!
The orc sorcerer points at you and mumbles some strange words.
The bolt of negative energy hits you!
You feel drained.
* * * LOW HITPOINT WARNING * * *
The ogre closely misses you.
Casting: Ozocubu's Armour (safe; 4% risk of failure)
Confirm with . or Enter, or press ? or * to list all spells.
Aiming: Mephitic Cloud (safe; 4% risk of failure)
Press: ? - help, Shift-Dir - straight line, f - ogre
Aim: an ogre, wielding a giant club The ball explodes into a vile cloud!
The stinking cloud engulfs the ogre.
The stinking cloud engulfs the orc warrior.
The stinking cloud engulfs the orc sorcerer.
The stinking cloud engulfs the hellwing.
The hellwing appears unharmed.
The stinking cloud engulfs you!
The orc sorcerer is engulfed in noxious fumes.
The orc sorcerer appears confused.
The orc warrior hits you with a halberd!
You die...

#....##...........####
#...#.............##.
##...................
#...............>....
##...................
##.........>#.........
#...§4§...............
#...oO§............#..
#...§@o.............#^
##....................
##..........#.........
#...........#.........
##.......#.#.#.##.....
#........#........#..
##......##.........#.
##.................##.
#........#.......#####


You could see a hellwing, an orc sorcerer (confused), an orc warrior and an
ogre.

Vanquished Creatures
  Gastronok (D:8)
  A hydra (D:9)
  Pikel (D:7)
  An orb spider (Lair:2)
  A cyclops (Orc:2)
  An orc sorcerer (D:10)
  A spiny frog (Lair:1)
  A komodo dragon (Lair:1)
  A troll (Orc:1)
  Grinder (D:3)
  3 blink frogs (Lair:1)
  5 hippogriffs
  A wyvern (D:11)
  22 yaks
  Sigmund (D:3)
  5 humans (D:8)
  The ghost of RandomusNamus the Slasher, an amateur DrGl of Okawaru (D:4)
  4 vampire mosquitoes (Lair:1)
  Menkaure (D:5)
  An insubstantial wisp (Lair:1)
  4 water moccasins
  4 porcupines
  7 orc warriors
  3 phantoms
  A sky beast (D:5)
  2 black bears (D:11)
  A swamp drake (Lair:1)
  An ice beast (D:6)
  5 ogres
  6 wolves (Lair:1)
  9 centaurs
  2 crocodiles (Lair:1)
  3 big kobolds (D:3)
  2 bullfrogs
  A wyvern skeleton (D:10)
  A water moccasin skeleton (D:11)
  4 jellies
  A scorpion (D:11)
  A howler monkey (D:6)
  3 crimson imps
  3 bullfrog zombies
  9 hounds
  8 orc priests
  4 orc wizards
  2 bullfrog skeletons
  Jessica (D:2)
  2 iguanas
  Terence (D:3)
  5 worker ants
  2 hound skeletons
  11 gnolls
  A howler monkey skeleton (D:4)
  12 adders
  3 shadow imps
  An ooze (D:3)
  An adder zombie (D:6)
  2 adder skeletons
  5 dart slugs
  5 leopard geckos
  43 orcs
  6 giant cockroaches
  35 goblins
  28 hobgoblins
  21 jackals
  8 quokkas
  A ball python (D:3)
  6 bats
  3 frilled lizards
  11 kobolds
  A leopard gecko zombie (D:7)
  A quokka skeleton (D:4)
  7 rats
  A bush (Lair:2)
  A plant (Lair:2)
366 creatures vanquished.

Vanquished Creatures (others)
  An orc (Orc:2)
  4 fungi
  2 plants (Lair:1)
7 creatures vanquished.

Grand Total: 373 creatures vanquished

Notes
Turn   | Place    | Note
-------+----------+-------------------------------------------
     0 | D:1      | wongasta the Gnoll Wanderer began the quest for the Orb.
     0 | D:1      | wongasta set off with: a +2 quarterstaff, a scroll of teleportation, a +0 robe, a ration
     0 | D:1      | Reached XP level 1. HP: 20/20 MP: 4/4
    30 | D:1      | Reached XP level 2. HP: 24/26 MP: 5/5
   577 | D:1      | Reached XP level 3. HP: 31/31 MP: 7/7
   581 | D:1      | Learned a level 2 spell: Swiftness
   584 | D:1      | Learned a level 2 spell: Poisonous Vapours
  1070 | D:2      | Reached skill level 1 in Invocations
  1092 | D:2      | Found a blossoming altar of Fedhas.
  1106 | D:2      | Reached skill level 1 in Short Blades
  1106 | D:2      | Reached skill level 1 in Long Blades
  1106 | D:2      | Reached skill level 1 in Axes
  1106 | D:2      | Reached skill level 1 in Maces & Flails
  1106 | D:2      | Reached skill level 1 in Polearms
  1106 | D:2      | Reached skill level 1 in Slings
  1106 | D:2      | Reached skill level 1 in Bows
  1106 | D:2      | Reached skill level 1 in Crossbows
  1106 | D:2      | Reached skill level 1 in Armour
  1106 | D:2      | Reached skill level 1 in Dodging
  1106 | D:2      | Reached skill level 1 in Shields
  1106 | D:2      | Reached skill level 1 in Unarmed Combat
  1106 | D:2      | Reached XP level 4. HP: 31/38 MP: 2/8
  1175 | D:2      | Found a deep blue altar of Sif Muna.
  1175 | D:2      | Found a white marble altar of Elyvilon.
  1342 | D:2      | Noticed Jessica
  1391 | D:2      | Killed Jessica
  1391 | D:2      | Reached skill level 1 in Conjurations
  1391 | D:2      | Reached skill level 1 in Charms
  1391 | D:2      | Reached skill level 1 in Summonings
  1391 | D:2      | Reached skill level 1 in Necromancy
  1391 | D:2      | Reached skill level 1 in Transmutations
  1391 | D:2      | Reached skill level 1 in Fire Magic
  1391 | D:2      | Reached skill level 1 in Ice Magic
  1391 | D:2      | Reached skill level 1 in Air Magic
  1391 | D:2      | Reached skill level 1 in Earth Magic
  1391 | D:2      | Reached skill level 1 in Poison Magic
  1846 | D:2      | Became a worshipper of Sif Muna the Loreminder
  1926 | D:2      | Reached XP level 5. HP: 33/43 MP: 9/9
  2608 | D:3      | Noticed Terence
  2763 | D:3      | Noticed Sigmund
  3299 | D:3      | Noticed a big kobold
  3300 | D:3      | Noticed a big kobold
  3313 | D:3      | Killed a big kobold
  3313 | D:3      | Reached XP level 6. HP: 15/50 MP: 5/11
  3890 | D:3      | Killed Terence
  3890 | D:3      | Reached skill level 5 in Fighting
  3890 | D:3      | Reached skill level 5 in Staves
  4132 | D:3      | Reached * piety under Sif Muna
  4154 | D:3      | Reached XP level 7. HP: 44/56 MP: 3/12
  5639 | D:4      | Noticed a hand axe
  5640 | D:4      | Noticed a dagger
  5642 | D:4      | Found a hide-covered altar of Uskayaw.
  5676 | D:4      | Noticed RandomusNamus's ghost (amateur DrGl)
  5962 | D:5      | Entered Level 5 of the Dungeon
  5962 | D:5      | Noticed Menkaure
  6224 | D:5      | Reached XP level 8. HP: 63/63 MP: 7/14
  6469 | D:5      | Found a sparkling altar of Nemelex Xobeh.
  6469 | D:5      | Found an iron altar of Okawaru.
  6470 | D:5      | Found a shimmering altar of Xom.
  6486 | D:5      | Found a glowing silver altar of Zin.
  6583 | D:5      | Found a snail-covered altar of Cheibriados.
  7204 | D:6      | Found a shattered altar of Ashenzari.
  7357 | D:6      | Reached ** piety under Sif Muna
  8107 | D:7      | Found a staircase to the Ecumenical Temple.
  8295 | D:7      | Found an ancient bone altar of Kikubaaqudgha.
  8368 | D:7      | Noticed Pikel
  8536 | D:7      | Noticed a hippogriff
  8547 | D:7      | Killed a hippogriff
  8547 | D:7      | Reached XP level 9. HP: 23/69 MP: 6/16
  8938 | D:7      | Killed Pikel
  8938 | D:7      | Reached skill level 5 in Spellcasting
  9133 | D:7      | Reached skill level 5 in Throwing
  9133 | D:7      | Reached skill level 5 in Evocations
  9572 | D:8      | Found a runed door.
  9676 | D:8      | Found a runed door.
  9942 | D:8      | Found a runed door.
  9972 | D:8      | Reached skill level 5 in Stealth
 10152 | D:8      | Reached skill level 5 in Invocations
 10229 | D:7      | Reached XP level 10. HP: 18/77 MP: 9/18
 10808 | D:8      | Noticed Gastronok
 11002 | D:9      | Found a radiant altar of Vehumet.
 11074 | D:9      | Noticed a four-headed hydra
 11147 | D:9      | Noticed Maurice
 11267 | D:3      | Killed Sigmund
 11269 | D:3      | Noticed Grinder
 11273 | D:3      | Killed Grinder
 11677 | D:4      | Killed RandomusNamus's ghost
 11677 | D:4      | Reached skill level 5 in Short Blades
 11677 | D:4      | Reached skill level 5 in Long Blades
 11677 | D:4      | Reached skill level 5 in Axes
 11677 | D:4      | Reached skill level 5 in Maces & Flails
 11677 | D:4      | Reached skill level 5 in Polearms
 11677 | D:4      | Reached skill level 5 in Slings
 11677 | D:4      | Reached skill level 5 in Bows
 11677 | D:4      | Reached skill level 5 in Crossbows
 11677 | D:4      | Reached skill level 5 in Armour
 11677 | D:4      | Reached skill level 5 in Dodging
 11677 | D:4      | Reached skill level 5 in Shields
 11677 | D:4      | Reached skill level 5 in Unarmed Combat
 11887 | D:5      | Killed Menkaure
 12351 | D:8      | Upgraded the game from 0.22-a0-367-gb72a975 to 0.22-a0-368-g870eee8
 12398 | D:7      | Reached *** piety under Sif Muna
 12851 | D:8      | Killed Gastronok
 12851 | D:8      | Reached skill level 5 in Hexes
 12851 | D:8      | Reached skill level 5 in Translocations
 13063 | D:8      | Found a runed door.
 13284 | D:9      | Reached XP level 11. HP: 81/84 MP: 20/20
 13462 | D:9      | Killed a four-headed hydra
 13640 | D:9      | Found a basalt altar of Yredelemnul.
 13903 | D:10     | Entered Level 10 of the Dungeon
 14360 | D:10     | Found a roughly hewn altar of Beogh.
 14360 | D:10     | Found a staircase to the Orcish Mines.
 14789 | D:10     | Reached skill level 5 in Conjurations
 14789 | D:10     | Reached skill level 5 in Charms
 14789 | D:10     | Reached skill level 5 in Summonings
 14789 | D:10     | Reached skill level 5 in Necromancy
 14789 | D:10     | Reached skill level 5 in Transmutations
 14789 | D:10     | Reached skill level 5 in Fire Magic
 14789 | D:10     | Reached skill level 5 in Ice Magic
 14789 | D:10     | Reached skill level 5 in Air Magic
 14789 | D:10     | Reached skill level 5 in Earth Magic
 14789 | D:10     | Reached skill level 5 in Poison Magic
 15871 | D:11     | Found a staircase to the Lair.
 16496 | D:11     | Learned a level 3 spell: Ozocubu's Armour
 16498 | D:11     | Learned a level 1 spell: Freeze
 16501 | D:11     | Learned a level 2 spell: Throw Frost
 16511 | D:11     | Learned a level 4 spell: Summon Ice Beast
 16516 | D:11     | Learned a level 4 spell: Throw Icicle
 17144 | Lair:1   | Entered Level 1 of the Lair of Beasts
 17939 | Lair:1   | Reached **** piety under Sif Muna
 18122 | Lair:1   | Reached XP level 12. HP: 84/93 MP: 18/23
 19786 | Lair:2   | Found a hole to the Spider Nest.
 20047 | Lair:2   | Learned a level 3 spell: Mephitic Cloud
 20298 | Lair:2   | Found a blossoming altar of Fedhas.
 20826 | Orc:1    | Entered Level 1 of the Orcish Mines
 20898 | Orc:1    | Learned a level 4 spell: Olgreb's Toxic Radiance
 21379 | D:10     | Paralysed by an orc sorcerer for 2 turns
 21905 | Orc:1    | You fall through a shaft!
 21905 | Orc:2    | Entered Level 2 of the Orcish Mines
 22136 | Orc:2    | Found Lureicefusk's Jewellery Boutique.
 22447 | Orc:2    | Found Genirot's Antique Armour Emporium.
 22447 | Orc:2    | Found Qebyomeys's Weapon Emporium.
 22447 | Orc:2    | Noticed an orc high priest
 22492 | Orc:2    | Noticed an orc high priest
 22493 | Orc:2    | Noticed an orc high priest
 22701 | Orc:2    | Noticed an orc warlord
 22702 | Orc:2    | Noticed a soul eater
 22706 | Orc:1    | Slain by an orc warrior

Vault maps used:
D:1:      lightli_molten_gateway, grunt_decor_resistance
D:2:      grunt_temple_overflow_open, uniq_jessica
D:3:      minmay_goblin_kobold_castle, uniq_sigmund, uniq_grinder, uniq_terence
D:4:      dancing_weapons_uskayaw, kennysheep_small_square
D:5:      kennysheep_mini_moat, nicolae_overflow_quartered_altars, first_ration,
          uniq_menkaure
D:6:      cheibrodos_ashenzari_chains
D:7:      kiku_gazebo_pond_becter, minmay_temple_entry_overgrown, uniq_pikel
D:8:      erik_cavepeople, uniq_gastronok
D:9:      vehumet_statue, basic_altar, uniq_maurice
D:10:     david_orc_5
D:11:     lair_entry_dummy
Lair:1:   pond, grunt_megastairs_4
Lair:2:   nicolae_spider_entry_orb_guardian, tgw_fedhas
Orc:1:    gammafunk_beogh_shrine
Orc:2:    grunt_orc_gardens, grunt_orc_garden, grunt_orc_garden,
          grunt_orc_garden, grunt_orc_garden, serial_shops, shop,
          enter_volcano_3

Skill      XL: |  1  2  3  4  5  6  7  8  9 10 11 12 |
---------------+-------------------------------------+-----
Hexes          | 2 3 4 5 6 |  6.4
Translocations | 2 3 4 5 6 |  6.4
Invocations    | 1 2 3 4 5 6 7 |  7.9
Short Blades   | 1 2 3 4 5 6 7 |  7.2
Long Blades    | 1 2 3 4 5 6 7 |  7.2
Axes           | 1 2 3 4 5 6 7 |  7.2
Maces & Flails | 1 2 3 4 5 6 7 |  7.2
Polearms       | 1 2 3 4 5 6 7 |  7.2
Slings         | 1 2 3 4 5 6 7 |  7.2
Bows           | 1 2 3 4 5 6 7 |  7.2
Crossbows      | 1 2 3 4 5 6 7 |  7.2
Armour         | 1 2 3 4 5 6 7 |  7.2
Dodging        | 1 2 3 4 5 6 7 |  7.2
Shields        | 1 2 3 4 5 6 7 |  7.2
Unarmed Combat | 1 2 3 4 5 6 7 |  7.2
Spellcasting   | 3 4 5 6 7 |  7.8
Conjurations   | 1 2 3 4 5 6 |  6.0
Charms         | 1 2 3 4 5 6 |  6.0
Summonings     | 1 2 3 4 5 6 |  6.0
Necromancy     | 1 2 3 4 5 6 |  6.0
Transmutations | 1 2 3 4 5 6 |  6.0
Fire Magic     | 1 2 3 4 5 6 |  6.0
Ice Magic      | 1 2 3 4 5 6 |  6.0
Air Magic      | 1 2 3 4 5 6 |  6.0
Earth Magic    | 1 2 3 4 5 6 |  6.0
Poison Magic   | 1 2 3 4 5 6 |  6.0
Throwing       | 3 4 5 6 7 |  7.7
Evocations     | 3 4 5 6 7 |  7.7
Stealth        | 3 4 5 6 7 |  7.6
Fighting       | 5 6 7 8 |  8.6
Staves         | 5 6 7 8 |  8.6

Action                   |  1- 3 |  4- 6 |  7- 9 | 10-12 || total
-------------------------+-------+-------+-------+-------++-------
Melee: Quarterstaff      |    65 |   108 |       |       ||   173
       Bite              |     8 |    14 |    35 |    97 ||   154
       Falchion          |       |    36 |   243 |   420 ||   699
       Punch             |       |       |     6 |    19 ||    25
       Scythe            |       |       |       |    41 ||    41
       Glaive            |       |       |       |     5 ||     5
Throw: Stone             |    33 |    86 |     1 |     3 ||   123
       Javelin           |       |     2 |     2 |    34 ||    38
       Tomahawk          |       |       |    93 |    15 ||   108
 Cast: Poisonous Vapours |     2 |    14 |    45 |   162 ||   223
       Swiftness         |       |       |     1 |       ||     1
       Throw Icicle      |       |       |       |    52 ||    52
       Freeze            |       |       |       |    46 ||    46
       Ozocubu's Armour  |       |       |       |     9 ||     9
       Throw Frost       |       |       |       |     3 ||     3
       Summon Ice Beast  |       |       |       |     3 ||     3
       Olgreb's Toxic Ra |       |       |       |    11 ||    11
       Mephitic Cloud    |       |       |       |     7 ||     7
Evoke: Wand              |       |       |    10 |    10 ||    20
  Use: Scroll            |       |     6 |     3 |    14 ||    23
       Potion            |       |     4 |     1 |     6 ||    11
 Stab: Sleeping          |       |     1 |     1 |     6 ||     8
       Distracted        |       |       |     1 |     1 ||     2
  Eat: Chunk             |       |     8 |    14 |    28 ||    50
       Ration            |       |     1 |     2 |     7 ||    10
Armor: Robe              |    13 |    17 |    24 |    96 ||   150
       Skin              |       |    11 |       |       ||    11
Dodge: Dodged            |    36 |   112 |   185 |   438 ||   771
Block: Shield            |       |       |       |    68 ||    68
       Rpst.: Falchion   |       |     7 |    47 |   118 ||   172

Table legend:
 A = Spawn XP
 B = Non-spawn XP
 C = Spawn XP percentage of total XP
 D = Spawn monster count
 E = Non-spawn monster count
 F = Spawn count percentage of total count
 G = Total turns spent on level
                    A         B        C        D         E        F      G
               +---------+---------+-------+---------+---------+-------+---------
         Total |       0 |   25032 |   0.0 |       0 |     365 |   0.0 | 22706
               +---------+---------+-------+---------+---------+-------+---------
           D:1 |       0 |      44 |   0.0 |       0 |      25 |   0.0 |  1067
           D:2 |       0 |     158 |   0.0 |       0 |      20 |   0.0 |  1242
           D:3 |       0 |    1193 |   0.0 |       0 |      99 |   0.0 |  3261
           D:4 |       0 |     340 |   0.0 |       0 |      10 |   0.0 |  1147
           D:5 |       0 |     683 |   0.0 |       0 |      21 |   0.0 |   963
           D:6 |       0 |     650 |   0.0 |       0 |      16 |   0.0 |  1482
           D:7 |       0 |    1993 |   0.0 |       0 |      12 |   0.0 |  1733
           D:8 |       0 |    3932 |   0.0 |       0 |      22 |   0.0 |  1972
           D:9 |       0 |    1372 |   0.0 |       0 |      11 |   0.0 |  1036
          D:10 |       0 |    1909 |   0.0 |       0 |      45 |   0.0 |  1930
          D:11 |       0 |    3969 |   0.0 |       0 |      27 |   0.0 |  2518
        Lair:1 |       0 |    6032 |   0.0 |       0 |      33 |   0.0 |  2280
        Lair:2 |       0 |    1089 |   0.0 |       0 |       4 |   0.0 |  1018
         Orc:1 |       0 |     639 |   0.0 |       0 |      10 |   0.0 |   807
         Orc:2 |       0 |    1029 |   0.0 |       0 |      10 |   0.0 |   250
               +---------+---------+-------+---------+---------+-------+---------
